 Dungeon Crawl Stone Soup version 0.29.1-12-g30fa7ad0bf (webtiles) character file.

Game seed: 1196629549034449892

4581 wormed the Grappler (level 10, -7/96 HPs)
             Began as a Troll Gladiator on Dec 21, 2022.
             Was a Priest of Okawaru.
             Mangled by a five-headed hydra (8 damage)
             ... on level 9 of the Dungeon.
             The game lasted 00:15:17 (6270 turns).

wormed the Grappler (Troll Gladiator)               Turns: 6270, Time: 00:15:17

Health: -7/96      AC:  7    Str: 24    XL:     10   Next: 18%
Magic:  9/9        EV: 12    Int:  4    God:    Okawaru [***...]
Gold:   509        SH:  0    Dex: 15    Spells: 9/9 levels left

rFire   . . .      SeeInvis +     - Unarmed
rCold   . . .      Faith    .   (no shield)
rNeg    . . .      Spirit   .   a - +0 robe
rPois   .          Reflect  .   b - +0 hat
rElec   .          Harm     .   H - +2 cloak {Stlth+}
rCorr   .          Rampage  .   (gloves unavailable)
Will    .....                   (boots unavailable)
Stlth   ++........              (no amulet)
HPRegen 1.06/turn               n - ring of see invisible
MPRegen 0.11/turn               (no ring)

@: no status effects
A: large, unfitting armour, claws 3, regeneration 1, shaggy fur 1, tough skin 1
a: Renounce Religion, Heroism


You were on level 9 of the Dungeon.
You worshipped Okawaru.
Okawaru was most pleased with you.
You visited 2 branches of the dungeon, and saw 10 of its levels.

You collected 509 gold pieces.

Inventory:

Missiles
 c - 6 throwing nets
 d - 2 large rocks (quivered)
Armour
 a - a +0 robe (worn)
 b - a +0 hat (worn)
 H - a +2 cloak of stealth (worn)
Jewellery
 n - a ring of see invisible (left claw)
 w - an amulet of magic regeneration
Wands
 o - a wand of roots (8)
 v - a wand of mindburst (13)
 x - a wand of quicksilver (9)
 G - a wand of flame (60)
 J - a wand of paralysis (21)
Scrolls
 e - a scroll of enchant armour {unknown}
 h - a scroll of acquirement {unknown}
 j - a scroll of blinking {unknown}
 k - 2 scrolls of fog {unknown}
 m - a scroll of enchant weapon
 r - a scroll of summoning {unknown}
 y - 2 scrolls of immolation {unknown}
 z - a scroll of silence {unknown}
 B - 4 scrolls of teleportation {unknown}
 D - a scroll of amnesia {unknown}
 E - 2 scrolls of magic mapping {unknown}
 F - a scroll of fear {unknown}
 I - 4 scrolls of identify
Potions
 f - a potion of heal wounds
 g - a potion of brilliance
 i - 3 potions of might
 l - a potion of resistance
 p - 2 potions of lignification {unknown}
 q - a potion of attraction
 s - 4 potions of curing
 t - 2 potions of haste {unknown}
 u - 2 potions of flight {unknown}
 A - a potion of invisibility {unknown}
 C - a potion of magic {unknown}


   Skills:
 + Level 5.2 Fighting
 + Level 5.7 Throwing
 + Level 5.6 Dodging
 + Level 5.3 Shields
 * Level 9.3 Unarmed Combat


You had 9 spell levels left.
You didn't know any spells.
Your spell library contained the following spells:

 Spells                   Type           Power      Damage    Failure   Level
 Magic Dart               Conj           0%         1d3       50%         1
 Necrotise                Necr           0%         1d4       50%         1
 Shock                    Conj/Air       0%         1d3       50%         1
 Blink                    Tloc           0%         N/A       65%         2
 Searing Ray              Conj           0%         2d4       65%         2
 Swiftness                Air            0%         N/A       86%         3
 Vampiric Draining        Necr           0%         2d6       86%         3
 Airstrike                Air            0%         2d(0-16)  99%         4
 Fulminant Prism          Conj/Hex       0%         3d6       99%         4
 Leda's Liquefaction      Hex/Erth       0%         N/A       99%         4
 Passage of Golubria      Tloc           0%         N/A       99%         4
 Agony                    Necr           0%         N/A       100%        5
 Iskenderun's Battlesphe  Conj           0%         2d6       100%        5
 Lee's Rapid Deconstruct  Erth           0%         3d5*      100%        5
 Manifold Assault         Tloc           0%         N/A       100%        5
 Silence                  Hex/Air        0%         N/A       100%        5
 Iron Shot                Conj/Erth      0%         9d1       100%        6
 Statue Form              Tmut/Erth      0%         N/A       100%        6
 Orb of Destruction       Conj           0%         9d5       100%        7
 Storm Form               Tmut/Air       0%         N/A       100%        7
 Lehudib's Crystal Spear  Conj/Erth      0%         10d2      100%        8
 Summon Guardian Golem    Hex/Summ       Unusable   N/A       N/A         3
 Spellforged Servitor     Conj/Summ      Unusable   N/A       N/A         7

Dungeon Overview and Level Annotations

Branches:
Dungeon (9/15)             Temple (1/1) D:6            Lair (0/5) D:8
    Orc: D:9-12

Altars:
Ashenzari
Cheibriados
Elyvilon
Fedhas
Gozag
Hepliaklqana
Kikubaaqudgha
Makhleb
Nemelex Xobeh
Okawaru
Qazlal
Ru
Sif Muna
Trog
Uskayaw
Vehumet
Wu Jian
Xom
Yredelemnul
Zin
The Shining One

Shops:
D:1 *


Innate Abilities, Weirdness & Mutations

You are too large for most types of armour.
You have claws for hands.
Your natural rate of healing is unusually fast.
You are covered in fur. (AC +1)
You have tough skin. (AC +1)


Message History

You throw a large rock.
The large rock hits the five-headed hydra!
The five-headed hydra is moderately wounded.
The five-headed hydra barely misses you.
The five-headed hydra misses you.
The five-headed hydra completely misses you.
The five-headed hydra bites you but does no damage.
The five-headed hydra bites you!
Throw: 3 large rocks
Press: ? - help, Q - select action, (/) - cycle Shift-Dir - straight line, f/p - five-headed hydra
Aim: a five-headed hydra (moderately wounded, 80% to hit)
You throw a large rock.
The large rock hits the five-headed hydra.
The five-headed hydra is moderately wounded.
The five-headed hydra closely misses you.
The five-headed hydra bites you! x3
The five-headed hydra bites you but does no damage.
An orc warrior comes into view. It is wielding a +0 trident.
The five-headed hydra closely misses you.
The five-headed hydra bites you!
* * * LOW HITPOINT WARNING * * *
The five-headed hydra bites you!
* * * LOW HITPOINT WARNING * * *
The five-headed hydra closely misses you.
The five-headed hydra bites you but does no damage.
The five-headed hydra attacks as you move away!
The five-headed hydra barely misses you. x2
The five-headed hydra misses you. The five-headed hydra bites you.
* * * LOW HITPOINT WARNING * * *
The five-headed hydra barely misses you.
The five-headed hydra attacks as you move away!
The five-headed hydra closely misses you. x2
The five-headed hydra bites you but does no damage. x3
An orc warrior comes into view. It is wielding a +0 battleaxe.
There is a stone staircase leading up here.
The five-headed hydra bites you but does no damage.
The five-headed hydra bites you!
* * * LOW HITPOINT WARNING * * *
The five-headed hydra bites you!
You die...

#.#.. ##.#.
##. #... ...
# #.(# .o#
#.##..#..##..
#......o.>o..
####o#######.
#D# #@#
#####.###
#.......#
#.###.#.#
#.#...#.#
#.#...#.##
#........+
#.......##
....
###..####
....


You could see a five-headed hydra and an orc.

Vanquished Creatures
  Pikel (D:5)
  Joseph (D:7)
  Prince Ribbit (D:5)
  6 yaks (D:8)
  2 water moccasins
  2 ice beasts
  A sky beast (D:7)
  A black bear (D:8)
  2 ogres
  3 lemures (D:5)
  A centaur (D:8)
  A kobold brigand (D:7)
  3 phantoms
  3 bullfrogs
  2 scorpions
  9 wights
  A howler monkey (D:9)
  A jelly (D:5)
  4 orc priests
  Crazy Yiuf (D:5)
  A gnoll bouda (D:8)
  3 hounds
  An iguana (D:5)
  Ijyb (D:3)
  5 orc wizards
  Robin (D:2)
  12 gnolls
  17 adders
  A white imp (D:5)
  3 ufetubi
  3 worms
  15 orcs
  3 bats
  3 endoplasms
  4 giant cockroaches
  16 goblins
  7 hobgoblins
  6 jackals
  4 quokkas
  5 ball pythons
  3 frilled lizards
  13 kobolds
  5 rats
178 creatures vanquished.

Notes
Turn   | Place    | Note
-------+----------+-------------------------------------------
     0 | D:1      | wormed the Troll Gladiator began the quest for the Orb.
     0 | D:1      | Reached XP level 1. HP: 19/19 MP: 0/0
   276 | D:1      | Reached XP level 2. HP: 28/28 MP: 1/1
   434 | D:1      | Found Ezan's Assorted Antiques.
   531 | D:1      | Found a faded altar of an unknown god.
   820 | D:2      | Reached XP level 3. HP: 35/35 MP: 2/2
   965 | D:2      | Reached skill level 1 in Shields
   983 | D:2      | Noticed Robin
   986 | D:2      | Reached XP level 4. HP: 40/42 MP: 3/3
  1015 | D:2      | Killed Robin
  1055 | D:2      | Reached skill level 4 in Unarmed Combat
  1202 | D:2      | Reached XP level 5. HP: 20/49 MP: 4/4
  1329 | D:2      | Found a snail-covered altar of Cheibriados.
  1733 | D:3      | Noticed Ijyb
  1773 | D:3      | Killed Ijyb
  2111 | D:3      | Found a broken altar of Ashenzari.
  2286 | D:4      | Noticed a phantom
  2298 | D:4      | Killed a phantom
  2299 | D:4      | Reached XP level 6. HP: 59/59 MP: 5/5
  2612 | D:4      | Reached skill level 5 in Unarmed Combat
  2810 | D:4      | Reached XP level 7. HP: 42/66 MP: 6/6
  3048 | D:4      | Found a glowing silver altar of Zin.
  3279 | D:5      | Entered Level 5 of the Dungeon
  3347 | D:5      | Noticed Prince Ribbit
  3350 | D:5      | Noticed Pikel
  3365 | D:5      | Killed Prince Ribbit
  3506 | D:5      | Killed Pikel
  3507 | D:5      | Reached skill level 6 in Unarmed Combat
  3507 | D:5      | Reached XP level 8. HP: 47/76 MP: 7/7
  3896 | D:5      | Found a runed translucent door.
  3896 | D:5      | Found the +6 shillelagh "Devastator" {shatter}
  3897 | D:5      | Noticed Crazy Yiuf
  3960 | D:5      | Killed Crazy Yiuf
  3961 | D:5      | Reached skill level 7 in Unarmed Combat
  4090 | D:6      | Found a burning altar of Makhleb.
  4345 | D:6      | Reached XP level 9. HP: 84/84 MP: 8/8
  4463 | D:6      | Found a staircase to the Ecumenical Temple.
  4472 | Temple   | Entered the Ecumenical Temple
  4666 | Temple   | Became a worshipper of Warmaster Okawaru
  5077 | D:7      | Found a basalt altar of Yredelemnul.
  5168 | D:7      | Reached skill level 8 in Unarmed Combat
  5204 | D:7      | Noticed Joseph
  5223 | D:7      | HP: 3/85 [Joseph/+0 quarterstaff (12)]
  5231 | D:7      | Killed Joseph
  5231 | D:7      | Reached * piety under Okawaru
  5232 | D:7      | Reached skill level 5 in Throwing
  5232 | D:7      | Reached skill level 5 in Dodging
  5394 | D:7      | Found a sacrificial altar of Ru.
  5643 | D:8      | Found a staircase to the Lair.
  5842 | D:8      | Reached ** piety under Okawaru
  5843 | D:8      | Reached skill level 5 in Fighting
  5843 | D:8      | Reached skill level 5 in Shields
  5939 | D:8      | Reached skill level 9 in Unarmed Combat
  5945 | D:8      | Reached XP level 10. HP: 91/96 MP: 9/9
  6259 | D:9      | Noticed a four-headed hydra
  6261 | D:9      | Reached *** piety under Okawaru
  6270 | D:9      | HP: 1/96 [five-headed hydra (10)]
  6270 | D:9      | Mangled by a five-headed hydra

Illustrated notes

Levels and vault maps discovered:
D:1:      moated_graveyard_arrival, layout_loops_ring, serial_shops, shop,
          chequers_ecumenical_altar_grove
D:2:      layout_basic, basic_altar, uniq_robin
D:3:      layout_rooms, ashenzari_conservatory_becter, skrybe_limestone_x,
          serial_bayou_pond_d, kennysheep_nondescript, uniq_ijyb
D:4:      layout_gridville, general_overflow_altar
D:5:      layout_cave_pools, uniq_pikel, uniq_crazy_yiuf_cottage,
          uniq_prince_ribbit1
D:6:      layout_gridville, old_standard_altar, lemuel_temple_firewalk_b,
          nicolae_concentric_dashed_squares_mild
D:7:      layout_basic, kennysheep_mini, lemuel_doored_altar,
          nrook_mini_backslash, uniq_joseph
D:8:      layout_gridville, lair_entry_dummy
D:9:      layout_loops_corners, david_orc_5, minivault_23, uniq_psyche
Temple:   nicolae_temple_slightly_damp_pantheon

Skill      XL: |  1  2  3  4  5  6  7  8  9 |
---------------+----------------------------+-----
Throwing       | 2 3 4 5 |  5.7
Fighting       | 2 3 4 5 |  5.2
Shields        | 1 2 3 4 5 |  5.3
Unarmed Combat | 4 5 6 7 9 |  9.3
Dodging        | 3 4 5 |  5.6

Action                   |  1- 3 |  4- 6 |  7- 9 | 10-12 || total
-------------------------+-------+-------+-------+-------++-------
Melee: Unarmed           |    90 |   193 |   271 |    26 ||   580
       Punch             |     1 |     4 |    11 |     3 ||    19
Throw: Large rock        |       |       |       |     2 ||     2
  Use: Scroll            |       |     5 |     1 |       ||     6
       Potion            |       |       |     4 |       ||     4
 Stab: Sleeping          |     1 |       |     1 |     1 ||     3
Armor: Robe              |    38 |    65 |   109 |    10 ||   222
Dodge: Dodged            |    42 |    94 |   176 |    25 ||   337
